 Dungeon Crawl Stone Soup version 0.25.1-2-g60ff931df9 (webtiles) character file.

Game seed: 8988584865287921594

21107 Gildeon the Severer (level 12, 0/97 HPs)
             Began as a Minotaur Fighter on Oct 3, 2020.
             Was a High Priest of Qazlal.
             Slain by a slime creature (15 damage)
             ... on level 12 of the Dungeon.
             The game lasted 00:32:27 (14273 turns).

Gildeon the Severer (Minotaur Fighter)             Turns: 14273, Time: 00:32:28

Health: 0/97       AC: 18    Str: 25    XL:     12   Next: 51%
Magic:  0/25       EV:  8    Int:  5    God:    Qazlal [*****.]
Gold:   666        SH: 20    Dex: 11    Spells: 17/18 levels left

rFire    x . .     SeeInvis .   a - +0 war axe
rCold    + . .     Gourm    .   c - +0 kite shield
rNeg     . . .     Faith    .   v - +0 plate armour
rPois    .         Spirit   +   z - +1 hat
rElec    .         Reflect  .   q - scarf {harm}
rCorr    .         Harm     +   j - +0 pair of gloves
MR       .....                  (no boots)
Stlth    ..........             F - amulet of guardian spirit
HPRegen  0.26/turn              g - ring of ice
MPRegen  0.19/turn              H - ring of magical power

@: protected from physical damage, repel missiles
A: retaliatory headbutt, horns 2
a: Upheaval, Elemental Force, Disaster Area, Renounce Religion


You were on level 12 of the Dungeon.
You worshipped Qazlal.
Qazlal was extremely pleased with you.
You were hungry.

You visited 2 branches of the dungeon, and saw 13 of its levels.

You collected 666 gold pieces.

Inventory:

Hand Weapons
 a - a +0 war axe (weapon)
 x - a cursed -2 war axe
 B - a +2 morningstar of flaming
Armour
 c - a +0 kite shield (worn)
 j - a +0 pair of gloves (worn)
 q - a scarf of harm (worn)
 v - a +0 plate armour (worn)
 z - a +1 hat (worn)
 L - a scarf of invisibility
Jewellery
 g - a ring of ice (left hand)
 t - an uncursed amulet of magic regeneration
 F - an amulet of guardian spirit (around neck)
 H - a ring of magical power (right hand)
 K - an uncursed ring of ice
Wands
 p - a wand of flame (46)
 C - a wand of random effects (6)
 E - a wand of paralysis (16)
 J - a wand of polymorph (9)
Scrolls
 l - a scroll of teleportation
 m - a scroll of fog
 o - a scroll of magic mapping
 r - a scroll of enchant armour
 s - a scroll of blinking {unknown}
 y - a scroll of fear {unknown}
 A - 2 scrolls of amnesia {unknown}
 D - a scroll of immolation {unknown}
 G - a scroll of silence {unknown}
 I - 3 scrolls of remove curse
Potions
 b - a potion of stabbing {unknown}
 d - 2 potions of might
 e - 2 potions of lignification
 h - a potion of invisibility
 k - 2 potions of brilliance
 n - 2 potions of heal wounds
 u - a potion of mutation {unknown}
 w - a potion of degeneration {unknown}
Comestibles
 f - 14 rations
 i - 8 chunks of flesh


   Skills:
 + Level 6.4 Fighting
 - Level 16.0 Axes
 + Level 6.4 Armour
 + Level 6.1 Dodging
 + Level 10.7 Shields
 + Level 3.9 Spellcasting
 + Level 2.0 Hexes
 - Level 5.0 Invocations
 - Level 5.0 Evocations


You had 17 spell levels left.
You knew the following spells:

 Your Spells              Type           Power        Failure   Level  Hunger
a - Corona                Hex            #......      98%         1    ##.....

Your spell library contained the following spells:

 Spells                   Type           Power        Failure   Level  Hunger
 Ensorcelled Hibernation  Hex/Ice        #.....       100%        2    ###....
 Confusing Touch          Hex            #.......     100%        3    ####...
 Dazzling Flash           Conj/Hex       #.....       100%        3    ####...
 Tukima's Dance           Hex            #.......     100%        3    ####...


Dungeon Overview and Level Annotations

Branches:
Dungeon (12/15)            Temple (1/1) D:7            Lair (0/6) D:11
    Orc: D:9-12

Altars:
Ashenzari
Cheibriados
Dithmenos
Elyvilon
Fedhas
Gozag
Hepliaklqana
Kikubaaqudgha
Makhleb
Nemelex Xobeh
Okawaru
Qazlal
Ru
Sif Muna
Trog
Uskayaw
Vehumet
Wu Jian
Xom
Yredelemnul
Zin
The Shining One

Shops:
D:4 :%   D:5 %

Annotations:
D:10 3 runed translucent doors, nyroko's ghost, journeyman DsCj; wpisznazwe's ghost, novice VSFi


Innate Abilities, Weirdness & Mutations

You reflexively headbutt those who attack you in melee.
You have a pair of horns on your head.


Message History

You block the large slime creature's attack.
You slash the large slime creature!
The large slime creature is severely wounded.
You slash the slime creature! The slime creature hits you!
* * * LOW HITPOINT WARNING * * *
A large slime creature splits.
You hit the slime creature.
The slime creature is severely wounded.
You hit the slime creature. You slash the slime creature!
You kill the slime creature!
Qazlal accepts your kill.
Your plate armour prevents you from hitting the slime creature.
The slime creature is severely wounded.
You slash the slime creature!
You block the slime creature's attack. x2
You slash the slime creature! You headbutt the slime creature.
You kill the slime creature!
Qazlal accepts your kill.
Your Hexes skill increases to level 2!
You barely miss the slime creature. The slime creature hits you!
You die...

#### !.# #.# ##### #.#
#######.#######...# #.#
#...............#.# #.#
#.####§..#####..#.# #.#
##.###J..○.## #...#
#.###.#.#☼.@§...###.[##
#.#..###..°......##)##
######.#.#.#..°○°......(##
.........##.#.........##.##
######...##.##.......####(#
#...##.###.....## #..#
#.............## #.#.#
######..##.######## #.###
#...(......# #.#


You could see a slime creature.

Vanquished Creatures
  Jorgrun (D:11)
  Josephine (D:12)
  2 two-headed ogres
  2 unseen horrors
  Pikel (D:5)
  A cyclops (D:12)
  Psyche (D:9)
  Maggie (D:6)
  3 kobold demonologists (D:12)
  2 trolls
  3 hippogriffs
  7 slime creatures (D:12)
  A spriggan (D:7)
  5 wraiths (D:12)
  A shadow (D:10)
  2 wyverns (D:10)
  A basilisk (D:11)
  20 yaks
  2 hungry ghosts
  2 acid dragons
  A water moccasin (D:9)
  A sky beast (D:5)
  3 slaves (D:5)
  3 orc warriors
  A phantom (D:5)
  5 ice beasts
  An eye of draining (D:11)
  2 necrophages
  4 ogres
  3 centaurs
  3 big kobolds
  2 crocodiles
  3 bullfrogs
  3 scorpions
  22 killer bees
  6 howler monkeys
  2 electric eels (D:10)
  9 crimson imps
  3 hounds
  2 centaur skeletons
  2 centaur zombies
  11 orc priests
  A jelly (D:11)
  A gnoll shaman (D:2)
  3 bullfrog skeletons
  17 orc wizards
  4 iguanas
  10 worker ants
  A worker ant zombie (D:5)
  A howler monkey zombie (D:11)
  10 gnolls
  12 adders
  4 oozes
  3 adder zombies
  An adder skeleton (D:8)
  2 worms (D:3)
  3 dart slugs (D:1)
  61 orcs
  4 giant cockroaches
  5 goblins
  9 hobgoblins
  11 jackals
  5 quokkas
  2 ball pythons
  4 bats
  6 frilled lizards
  21 kobolds
  A leopard gecko zombie (D:8)
  A quokka skeleton (D:6)
  7 rats
361 creatures vanquished.

Vanquished Creatures (others)
  A slime creature (D:11)
  4 toadstools (D:7)
5 creatures vanquished.

Grand Total: 366 creatures vanquished

Notes
Turn   | Place    | Note
-------+----------+-------------------------------------------
     0 | D:1      | Gildeon the Minotaur Fighter began the quest for the Orb.
     0 | D:1      | Reached XP level 1. HP: 19/19 MP: 0/0
    38 | D:1      | Reached skill level 3 in Axes
    90 | D:1      | Reached XP level 2. HP: 25/26 MP: 1/1
   349 | D:1      | Reached skill level 4 in Axes
   579 | D:1      | Reached XP level 3. HP: 31/31 MP: 2/2
   946 | D:2      | Reached skill level 5 in Axes
   949 | D:2      | Reached XP level 4. HP: 39/39 MP: 3/3
  1529 | D:2      | Reached skill level 6 in Axes
  1663 | D:3      | Found a stormy altar of Qazlal.
  1679 | D:3      | Found a blossoming altar of Fedhas.
  1684 | D:3      | Found a sacrificial altar of Ru.
  1697 | D:3      | Became a worshipper of Qazlal Stormbringer
  1799 | D:3      | Reached XP level 5. HP: 45/45 MP: 4/4
  2079 | D:3      | Reached * piety under Qazlal
  2079 | D:3      | Reached skill level 7 in Axes
  2080 | D:3      | Found an ancient bone altar of Kikubaaqudgha.
  2333 | D:3      | Reached XP level 6. HP: 33/51 MP: 5/5
  2515 | D:3      | Found an opulent altar of Gozag.
  2545 | D:3      | Reached skill level 8 in Axes
  2779 | D:4      | Found Teijuat's Book Shop.
  3294 | D:4      | Found a hide-covered altar of Uskayaw.
  3420 | D:4      | Reached skill level 9 in Axes
  3564 | D:4      | Reached XP level 7. HP: 41/57 MP: 6/6
  3702 | D:4      | Found Lewkaureur's Food Boutique.
  3899 | D:5      | Entered Level 5 of the Dungeon
  3986 | D:5      | Reached ** piety under Qazlal
  3998 | D:5      | Reached skill level 10 in Axes
  4327 | D:5      | Noticed Pikel
  4355 | D:5      | Killed Pikel
  4355 | D:5      | Reached skill level 12 in Axes
  4355 | D:5      | Reached XP level 8. HP: 36/64 MP: 7/7
  4623 | D:5      | Found Feowyud's Food Shoppe.
  5037 | D:6      | Noticed Maggie
  5064 | D:6      | Killed Maggie
  5064 | D:6      | Reached skill level 13 in Axes
  5269 | D:6      | Reached XP level 9. HP: 29/70 MP: 8/8
  5663 | D:6      | Reached skill level 14 in Axes
  5665 | D:6      | Found a sparkling altar of Nemelex Xobeh.
  5782 | D:6      | Found a shattered altar of Ashenzari.
  5943 | D:6      | Found a shimmering blue altar of Sif Muna.
  6089 | D:7      | Reached *** piety under Qazlal
  6522 | D:7      | Reached skill level 15 in Axes
  6707 | D:7      | Found a staircase to the Ecumenical Temple.
  6712 | Temple   | Entered the Ecumenical Temple
  7276 | D:7      | Learned a level 1 spell: Corona
  7305 | D:7      | Found a blossoming altar of Fedhas.
  7365 | D:7      | Reached **** piety under Qazlal
  7414 | D:7      | Reached skill level 16 in Axes
  7867 | D:8      | Noticed a two-headed ogre
  7873 | D:8      | Killed a two-headed ogre
  7873 | D:8      | Reached skill level 1 in Dodging
  7873 | D:8      | Reached XP level 10. HP: 61/79 MP: 9/9
  8759 | D:8      | You fall into a shaft and drop 2 floors!
  8759 | D:10     | Entered Level 10 of the Dungeon
  8865 | D:9      | Reached skill level 5 in Fighting
  8865 | D:9      | Reached skill level 5 in Armour
  8865 | D:9      | Reached skill level 5 in Shields
  9045 | D:8      | Found an iron altar of Okawaru.
  9212 | D:8      | Found a basalt altar of Yredelemnul.
  9235 | D:8      | Reached skill level 1 in Invocations
  9811 | D:9      | Noticed Psyche
  9820 | D:9      | Killed Psyche
 10472 | D:10     | Reached ***** piety under Qazlal
 10535 | D:10     | Killed an unseen horror
 10535 | D:10     | Reached skill level 5 in Dodging
 10918 | D:10     | Reached skill level 1 in Evocations
 10925 | D:10     | Reached XP level 11. HP: 73/86 MP: 13/13
 11006 | D:10     | Found a runed translucent gate.
 11006 | D:10     | Noticed wpisznazwe's ghost (novice VSFi)
 11007 | D:10     | Noticed nyroko's ghost (journeyman DsCj)
 11012 | D:10     | Found a runed translucent gate.
 11013 | D:10     | Found a runed translucent gate.
 11795 | D:11     | Found a staircase to the Lair.
 12075 | D:11     | Reached skill level 5 in Invocations
 12097 | D:11     | Noticed a two-headed ogre
 12113 | D:11     | Killed a two-headed ogre
 12118 | D:11     | Reached skill level 1 in Spellcasting
 12244 | D:11     | Found a shattered altar of Ashenzari.
 13086 | D:12     | Noticed Josephine
 13169 | D:12     | Noticed Jorgrun
 13195 | D:11     | Killed Jorgrun
 13195 | D:11     | Reached skill level 10 in Shields
 13195 | D:11     | Reached skill level 5 in Evocations
 13487 | D:12     | Reached XP level 12. HP: 45/94 MP: 10/15
 13544 | D:12     | Reached skill level 1 in Hexes
 13545 | D:12     | Killed Josephine
 14273 | D:12     | Slain by a slime creature

Illustrated notes

Levels and vault maps discovered:
D:1:      roderic_crop_circles_arrival_small, layout_loops_ring
D:2:      layout_loops_ring
D:3:      layout_loops_ring, grunt_gozag_breadcrumbs, kiku_gazebo_pond_becter,
          minitemple, bh_walls_and_bars
D:4:      layout_basic, old_standard_altar, serial_shops, shop,
          nicolae_shop_crystal, first_ration
D:5:      layout_rooms, serial_shops, shop, uniq_pikel
D:6:      kennysheep_orc_sif_temple, layout_rooms, nicolae_ashenzari_panopticon,
          minmay_strange_pillars, grunt_ministairs_10,
          nemelex_dance_club_becter, uniq_maggie
D:7:      layout_loops_corners, minmay_temple_entry_sparse_star,
          minmay_misc_feat_pillars, minmay_gold_behind_fungi, the_bakery,
          fedhas_ov_isle_minmay
D:8:      layout_loops_ring, kennysheep_mini_moat, lemuel_coloured_pillars_altar
D:9:      layout_layer_cave, uniq_psyche
D:10:     layout_cave_pods, gammafunk_ghost_cemetery, minivault_4
D:11:     layout_stronghold, david_lair_generic, basic_altar,
          minmay_diced_spiral
D:12:     minmay_outward_triangles, layout_loops_ring, hiddenorc1_lemuel,
          uniq_jorgrun, uniq_josephine
Temple:   nicolae_temple_figure_eight

Skill      XL: |  1  2  3  4  5  6  7  8  9 10 11 12 |
---------------+-------------------------------------+-----
Axes           | 3 4 5 6 7 9 12 13 16 | 16.0
Fighting       | 4 5 6 |  6.4
Armour         | 4 5 6 |  6.4
Dodging        | 1 5 6 |  6.1
Shields        | 4 7 10 | 10.7
Invocations    | 4 5 |  5.0
Evocations     | 1 5 |  5.0
Spellcasting   | 3 |  3.9
Hexes          | 2 |  2.0

Action                   |  1- 3 |  4- 6 |  7- 9 | 10-12 || total
-------------------------+-------+-------+-------+-------++-------
Melee: War axe           |    62 |   135 |   387 |   590 ||  1174
       Headbutt          |    14 |    17 |    53 |   121 ||   205
       Hand axe          |       |     6 |     3 |       ||     9
  Use: Scroll            |       |     3 |     3 |     8 ||    14
       Potion            |       |       |     7 |     5 ||    12
  Eat: Chunk             |       |     8 |    14 |    24 ||    46
Armor: Scale mail        |    17 |    13 |       |       ||    30
       Chain mail        |       |    37 |    60 |       ||    97
       Plate armour      |       |       |    85 |   213 ||   298
Dodge: Dodged            |    21 |    21 |    10 |    49 ||   101
       Repelled          |       |       |       |     1 ||     1
Block: Kite shield       |    38 |    58 |   204 |   397 ||   697
